[Event "Titled Tuesday Blitz March 14 Late 2023"]
[White "Kohler, Aran"]
[Black "Nazaretyan, Tigran"]
[WhiteFideId "1002856"]
[BlackFideId "24162345"]
[WhiteElo "2259"]
[BlackElo "2111"]
[Result "0-1"]
[Round "05"]
[TimeControl "180+1"]
[Date "2023.03.14"]
[WhiteClock "0:00:22"]
[BlackClock "0:00:22"]

1. Nf3 Nf6 2. d4 g6 3. Bg5 Bg7 4. Nbd2 d5 5. e3 O-O 6. Bd3 c5 7. c3 Nc6 8. h4 h6 9. h5 hxg5 10. hxg6 g4 11. Ng5 fxg6 12. Bxg6 e5 13. Qc2 e4 14. O-O-O cxd4 15. Ndxe4 d3 16. Rxd3 Ne5 17. Nxf6+ Bxf6 18. Rxd5 Qxd5 19. Be4 Qxa2 20. Bd5+ Rf7 21. Bxa2 Bxg5 22. Qh7+ Kf8 23. Bxf7 Nxf7 24. Qg6 Bd7 25. Rh7 Be8 26. Rxf7+ Bxf7 27. Qxg5 Be6 28. Qxg4 Bxg4 29. f3 Be6 30. e4 Ke7 0-1


[Site "https://www.chess.com"]

[Event "Titled Tuesday Blitz March 14 Late 2023"]
[White "Kornyukov, Alexey"]
[Black "Delgado Rosas, Fatima Alexandra"]
[WhiteFideId "4150457"]
[BlackFideId "6603963"]
[WhiteElo "2352"]
[BlackElo "2322"]
[Result "0-1"]
[Round "05"]
[TimeControl "180+1"]
[Date "2023.03.14"]
[WhiteClock "0:00:04"]
[BlackClock "0:00:59"]

1. d4 Nf6 2. c4 e6 3. Nc3 d5 4. cxd5 exd5 5. Bg5 Be7 6. e3 c6 7. Bd3 O-O 8. Nf3 Nbd7 9. Qc2 Re8 10. h3 Nf8 11. Bf4 Be6 12. O-O-O Rc8 13. Kb1 b5 14. g4 a5 15. Ne5 a4 16. Rc1 Qa5 17. g5 Nh5 18. Ne2 c5 19. dxc5 Rxc5 20. Qd1 Rec8 21. Rxc5 Rxc5 22. Nd4 g6 23. Qe2 a3 24. Nb3 Qb6 25. Nxc5 Bxc5 26. Ng4 d4 27. Be5 Bxg4 28. hxg4 Ng7 29. Bxb5 dxe3 30. fxe3 Bxe3 31. Rf1 Bd4 32. Bxg7 Bxg7 33. Bc4 Ne6 34. Rxf7 Kxf7 35. Qf3+ Ke7 36. Qxa3+ Qc5 37. Bxe6 Qxa3 38. bxa3 Kxe6 39. Kc2 Ke5 40. a4 Kf4 41. a5 Kxg5 42. Kd3 Bf8 43. Kc4 Bd6 44. Kd5 Bb8 45. Kc6 Kxg4 46. Kb7 Bf4 47. a6 Be3 48. a4 h5 49. a7 Bxa7 50. Kxa7 h4 51. a5 h3 52. a6 h2 53. Kb8 h1=Q 54. a7 Kh5 55. a8=Q Qxa8+ 56. Kxa8 g5 0-1


[Site "https://www.chess.com"]

[Event "Titled Tuesday Blitz March 14 Late 2023"]
[White "Kostiukov, Alexandr"]
[Black "Vargas Pereda, Jesus Manue"]
[WhiteFideId "14108100"]
[BlackFideId "5115710"]
[WhiteElo "2202"]
[BlackElo "1914"]
[Result "1-0"]
[Round "05"]
[TimeControl "180+1"]
[Date "2023.03.14"]
[WhiteClock "0:02:00"]
[BlackClock "0:00:14"]

1. g3 Nf6 2. Bg2 d5 3. d3 e6 4. e4 c5 5. Qe2 Be7 6. e5 Nfd7 7. Nf3 Nc6 8. O-O b5 9. a4 Rb8 10. axb5 Rxb5 11. c4 Ra5 12. Rxa5 Qxa5 13. cxd5 exd5 14. e6 fxe6 15. Qxe6 Nd8 16. Qxd5 Bb7 17. Qc4 Nf6 18. Nc3 Bd5 19. Nxd5 1-0


[Site "https://www.chess.com"]

[Event "Titled Tuesday Blitz March 14 Late 2023"]
[White "Kozak, Adam"]
[Black "Garcia Pantoja, Roberto"]
[WhiteFideId "753246"]
[BlackFideId "3509265"]
[WhiteElo "2469"]
[BlackElo "2544"]
[Result "0-1"]
[Round "05"]
[TimeControl "180+1"]
[Date "2023.03.14"]
[WhiteClock "0:00:01"]
[BlackClock "0:00:05"]

1. e4 c5 2. Nf3 d6 3. d4 cxd4 4. Nxd4 Nf6 5. Nc3 a6 6. Bd2 e6 7. g4 b5 8. g5 Nfd7 9. Qf3 Bb7 10. a3 Nc6 11. Nxc6 Bxc6 12. O-O-O Be7 13. h4 Rb8 14. Re1 a5 15. Nd5 exd5 16. exd5 Ba8 17. Qe3 Bxd5 18. Bxa5 Nb6 19. Bxb5+ Kf8 20. Rhg1 Be6 21. Qd4 Qc7 22. Bc3 Rg8 23. Rxe6 fxe6 24. Qf4+ Bf6 25. gxf6 Nd5 26. fxg7+ Ke7 27. Qg5+ Kf7 28. Qh5+ Ke7 29. Bd2 Rxb5 30. Bg5+ Nf6 31. Bxf6+ Kxf6 32. Qxb5 Rxg7 33. Rxg7 Kxg7 34. Qg5+ Kf7 35. Qf4+ Kg7 36. Qg4+ Kf7 37. Qf3+ Kg7 38. Qe4 e5 39. c4 Qc5 40. f3 Qg1+ 41. Kc2 Qf2+ 42. Kc3 Qf1 43. b4 Qc1+ 44. Kb3 Qd1+ 45. Kb2 Qd2+ 46. Qc2 Qe3 47. Qc3 Qe2+ 48. Kb3 Qd1+ 49. Qc2 Qxf3+ 50. Ka4 e4 51. c5 dxc5 52. bxc5 e3 53. Qc3+ Kf7 54. Qc4+ Ke7 55. c6 e2 56. c7 Qa8+ 57. Kb3 Qb7+ 58. Ka4 Qa7+ 59. Kb3 Qe3+ 60. Ka4 e1=Q 61. c8=Q Qa7+ 62. Q8a6 Qd1+ 63. Ka5 Qd8+ 64. Kb4 Qdb8+ 65. Ka4 Qd7+ 66. Ka5 Qbd8+ 67. Kb4 Qd2+ 68. Ka4 Q8d7+ 69. Qab5 Qd1+ 70. Kb4 Q1d2+ 71. Ka4 Qa7+ 0-1


[Site "https://www.chess.com"]

[Event "Titled Tuesday Blitz March 14 Late 2023"]
[White "Kramnik, Vladimir"]
[Black "Erigaisi Arjun"]
[WhiteFideId "4101588"]
[BlackFideId "35009192"]
[WhiteElo "2712"]
[BlackElo "2737"]
[Result "0-1"]
[Round "05"]
[TimeControl "180+1"]
[Date "2023.03.14"]
[WhiteClock "0:00:02"]
[BlackClock "0:00:20"]

1. c4 d6 2. d4 g6 3. Nc3 Bg7 4. e4 Nc6 5. Nge2 e5 6. Be3 Nf6 7. d5 Ne7 8. f3 c5 9. Qd2 Nh5 10. g4 Nf4 11. Nxf4 exf4 12. Bxf4 a6 13. Be2 O-O 14. O-O f5 15. Kh1 Kh8 16. Rae1 fxg4 17. fxg4 Ng8 18. g5 Bh3 19. Rg1 Qe7 20. Rg3 Bd7 21. Rf1 b5 22. b3 b4 23. Nd1 Qxe4+ 24. Kg1 Bd4+ 25. Be3 Be5 26. Nf2 Qh4 27. Kg2 Ne7 28. Bd3 Nf5 29. Bxf5 Bxf5 30. Re1 Rae8 31. Qd1 Kg8 32. Bc1 Bd7 33. Re2 Qh5 34. Re1 Rxf2+ 0-1


[Site "https://www.chess.com"]

[Event "Titled Tuesday Blitz March 14 Late 2023"]
[White "Kraus, Tomas"]
[Black "Manukian, Artak"]
[WhiteFideId "331708"]
[BlackFideId "13301373"]
[WhiteElo "2389"]
[BlackElo "2130"]
[Result "0-1"]
[Round "05"]
[TimeControl "180+1"]
[Date "2023.03.14"]
[WhiteClock "0:00:02"]
[BlackClock "0:00:08"]

1. e4 c6 2. d4 d5 3. f3 e6 4. Nc3 Nf6 5. Bg5 Be7 6. Qd2 O-O 7. O-O-O b5 8. h4 b4 9. Nce2 dxe4 10. Bxf6 e3 11. Qxe3 Bxf6 12. g4 a5 13. g5 Be7 14. Bh3 a4 15. f4 b3 16. a3 bxc2 17. Kxc2 Na6 18. Nf3 Nc7 19. Ne5 Nd5 20. Qd2 Qb6 21. Kc1 Rb8 22. Qc2 Ne3 23. Qc3 Nxd1 24. Rxd1 Ba6 25. Ng3 Qb3 26. Ne4 Qxc3+ 27. Nxc3 Bb5 28. h5 g6 29. hxg6 hxg6 30. Bg2 Rbc8 31. Rh1 Kg7 32. Rh6 Rh8 33. Ng4 Rxh6 34. gxh6+ Kh7 35. Ne4 Bd3 36. Ng5+ Bxg5 37. fxg5 c5 38. Kd2 Bf5 39. Nf6+ Kh8 40. dxc5 Rxc5 41. Be4 Bxe4 42. Nxe4 Rb5 43. Kc3 Re5 44. Kd4 Rd5+ 45. Ke3 Rb5 46. Nd6 Rxb2 47. Nxf7+ Kh7 48. Nd8 Rb3+ 49. Ke4 Rxa3 50. Nxe6 Ra1 51. Nf8+ Kg8 52. Nxg6 Rh1 53. Kd3 a3 54. Ne7+ Kf7 55. g6+ Kxe7 56. h7 Kf6 57. Kc3 Rh2 58. Kb3 a2 59. h8=Q+ Rxh8 60. Kxa2 Kxg6 0-1


[Site "https://www.chess.com"]

[Event "Titled Tuesday Blitz March 14 Late 2023"]
[White "Lenderman, Aleksandr"]
[Black "Duda, Jan-Krzysztof"]
[WhiteFideId "2021285"]
[BlackFideId "1170546"]
[WhiteElo "2607"]
[BlackElo "2790"]
[Result "0-1"]
[Round "05"]
[TimeControl "180+1"]
[Date "2023.03.14"]
[WhiteClock "0:00:04"]
[BlackClock "0:00:07"]

1. Nf3 Nf6 2. c4 g6 3. Nc3 d5 4. cxd5 Nxd5 5. e4 Nxc3 6. dxc3 Qxd1+ 7. Kxd1 f6 8. Be3 e5 9. Nd2 Nd7 10. Nb3 b6 11. Kc2 Bb7 12. f3 O-O-O 13. a4 Bd6 14. a5 f5 15. axb6 axb6 16. Bd3 Rhg8 17. Ba6 Nb8 18. Bxb7+ Kxb7 19. Nd2 f4 20. Bf2 g5 21. g4 h5 22. gxh5 Nd7 23. Rag1 Nf6 24. h6 Rd7 25. Rg2 Rh7 26. Rhg1 Rxh6 27. h4 Nh7 28. hxg5 Rhg6 29. Bh4 b5 30. b4 Be7 31. Nb3 Kc8 32. Nc5 Bxc5 33. bxc5 Kd7 34. Kb3 Kc6 35. Kb4 Ra8 36. Rd1 Nf8 37. Rd5 Nd7 38. Bf2 Ra2 39. Kb3 Re2 40. Kb4 Rb2+ 41. Ka3 Rb1 42. Rh2 Rf1 43. Rh7 Nb8 44. Bh4 Rxf3 45. Rh6 Rxc3+ 46. Kb2 Rxh6 47. gxh6 Rh3 48. Bg5 Nd7 49. Rd2 Rh5 50. Rg2 Nxc5 51. Bf6 Rxh6 52. Bxe5 Nd3+ 0-1


[Site "https://www.chess.com"]

[Event "Titled Tuesday Blitz March 14 Late 2023"]
[White "Lorenzo De La Riva, Lazaro"]
[Black "Sattarov, Bobir"]
[WhiteFideId "2268809"]
[BlackFideId "14203081"]
[WhiteElo "2294"]
[BlackElo "2351"]
[Result "0-1"]
[Round "05"]
[TimeControl "180+1"]
[Date "2023.03.14"]
[WhiteClock "0:00:06"]
[BlackClock "0:00:07"]

1. d4 Nf6 2. Nf3 d5 3. e3 c5 4. Bd3 Nc6 5. b3 cxd4 6. exd4 Bg4 7. Bb2 e6 8. h3 Bh5 9. O-O Bd6 10. Nbd2 O-O 11. Re1 Rc8 12. a3 Bb8 13. Qe2 Re8 14. Qe3 Qc7 15. g3 Bg6 16. Bxg6 hxg6 17. Rac1 b5 18. Ne5 Nxe5 19. dxe5 Nd7 20. Nf3 a6 21. Qf4 Ba7 22. Kg2 Qb7 23. Re2 Rc6 24. Rd1 Rec8 25. Rdd2 Nf8 26. h4 a5 27. Qg4 a4 28. h5 gxh5 29. Qxh5 Ng6 30. Ng5 axb3 31. cxb3 d4 32. f3 Rd8 33. Rd3 b4 34. a4 Qa6 35. Red2 Rd5 36. f4 Rc3 37. Qf3 Qc6 38. Bxc3 bxc3 39. Rc2 Qb6 40. f5 Nxe5 41. Qh5 exf5 42. Qh7+ Kf8 43. Qh8+ Ke7 44. Qxg7 Qg6 45. Qxg6 fxg6 46. Rd1 Ng4 47. Re2+ Kf6 48. Kf3 Kxg5 49. Rd3 Ne5+ 0-1


[Site "https://www.chess.com"]

[Event "Titled Tuesday Blitz March 14 Late 2023"]
[White "Madaminov, Mukhiddin"]
[Black "Osmak, Yuliia"]
[WhiteFideId "14210703"]
[BlackFideId "14101602"]
[WhiteElo "2511"]
[BlackElo "2271"]
[Result "0-1"]
[Round "05"]
[TimeControl "180+1"]
[Date "2023.03.14"]
[WhiteClock "0:01:09"]
[BlackClock "0:00:15"]

1. d4 d5 2. Nc3 Nf6 3. Bf4 a6 4. e3 c5 5. dxc5 Nc6 6. a3 e5 7. Bg5 Be6 8. b4 Be7 9. Nf3 O-O 10. Be2 d4 11. exd4 exd4 12. Na4 Ne4 13. Bxe7 Qxe7 14. O-O Rad8 15. Re1 f5 16. Nd2 Nc3 17. Qc1 Nxa4 18. Bc4 Rf6 19. Nf3 Qd7 20. Rxe6 Rxe6 21. Ng5 Re8 22. Qe1 Nd8 23. Rd1 Kh8 24. Nxe6 Nxe6 25. h4 Nexc5 26. Qd2 Ne4 27. Qxd4 Qxd4 28. Rxd4 Nb6 29. Bd3 g6 30. f3 Nc3 31. h5 Ne2+ 32. Bxe2 Rxe2 33. h6 Re8 34. c4 Kg8 35. c5 Nc8 36. Rd7 b5 37. Rg7+ Kh8 38. c6 Ne7 39. c7 Nc8 40. Kh2 Re7 41. Rxe7 Nxe7 42. Kg3 g5 43. f4 g4 44. Kh4 Kg8 45. Kg5 Kf7 46. c8=Q Nxc8 47. Kxf5 g3 48. Kg4 Kg6 49. Kxg3 Kxh6 50. Kf3 Kg6 51. g4 Nd6 52. Ke3 Nc4+ 53. Kd4 Nxa3 54. Kc5 Nc2 55. Kd6 Nxb4 56. Ke6 Kg7 57. f5 Kf8 58. g5 a5 59. Kf6 a4 60. g6 hxg6 61. fxg6 a3 62. g7+ Kg8 0-1


[Site "https://www.chess.com"]

[Event "Titled Tuesday Blitz March 14 Late 2023"]
[White "Mahdavi, Reza"]
[Black "Deviprasath, Sharvesh"]
[WhiteFideId "12595926"]
[BlackFideId "30938228"]
[WhiteElo "2208"]
[BlackElo "2168"]
[Result "1-0"]
[Round "05"]
[TimeControl "180+1"]
[Date "2023.03.14"]
[WhiteClock "0:00:25"]
[BlackClock "0:00:11"]

1. Nf3 g6 2. d4 Bg7 3. g3 d6 4. b3 Nf6 5. Bb2 O-O 6. Bg2 a5 7. O-O a4 8. c4 c6 9. Nc3 a3 10. Bc1 Qa5 11. Bd2 Qh5 12. h4 Nbd7 13. e4 e5 14. d5 c5 15. Ng5 h6 16. Bf3 hxg5 17. Bxh5 Nxh5 18. hxg5 f6 19. Nb5 Ra6 20. Nc7 Ra7 21. Ne6 Re8 22. Kg2 fxg5 23. Bxg5 b6 24. Qe2 Nf8 25. Nxg7 Kxg7 26. Rh1 Nh7 27. Be3 Rf7 28. Rh4 Ref8 29. Rah1 N7f6 30. Bc1 Ng4 31. f3 Ngf6 32. Bxa3 Nh7 33. Bc1 b5 34. cxb5 Bd7 35. a4 Rxf3 36. Qxf3 Rxf3 37. Kxf3 N5f6 38. Rxh7+ Nxh7 39. Rxh7+ Kxh7 40. b6 Bc8 41. Bg5 Ba6 42. Be7 1-0


[Site "https://www.chess.com"]

[Event "Titled Tuesday Blitz March 14 Late 2023"]
[White "Manelyuk, Daniil"]
[Black "Fedoseev, Vladimir"]
[WhiteFideId "44173920"]
[BlackFideId "24130737"]
[WhiteElo "2259"]
[BlackElo "2752"]
[Result "1-0"]
[Round "05"]
[TimeControl "180+1"]
[Date "2023.03.14"]
[WhiteClock "0:00:07"]
[BlackClock "0:00:04"]

1. e4 Nc6 2. Nf3 Nf6 3. Nc3 d6 4. d4 g6 5. Be3 Bg7 6. Qd2 Ng4 7. Bg5 h6 8. Bh4 g5 9. Bg3 e5 10. d5 Ne7 11. h3 Nf6 12. O-O-O Ng6 13. h4 Nh5 14. hxg5 Nxg3 15. fxg3 hxg5 16. Bb5+ Bd7 17. Bxd7+ Kxd7 18. Nxg5 Qe7 19. Nf3 a6 20. Kb1 Raf8 21. g4 Kc8 22. Ne2 Qd7 23. g5 Qg4 24. Qe3 Qxg2 25. Rhg1 Qh3 26. Ng3 Kb8 27. Nf5 Rfg8 28. Rg3 Qh5 29. Rd3 Bf8 30. a4 Ne7 31. Rb3 Qh1+ 32. Rg1 Qh3 33. Qe2 Nxd5 34. exd5 Qxf5 35. Qxa6 Qc8 36. a5 Rh3 37. Qb5 e4 38. Nd2 Rxb3 39. Nxb3 Be7 40. Nd4 Ka8 41. a6 bxa6 42. Qa4 Rxg5 43. Rxg5 Bxg5 44. Nc6 f5 45. Qd4 Qb8 46. Nxb8 Kxb8 47. Qh8+ Kb7 48. Qg7 Bd2 49. Qg6 e3 50. Qg2 f4 51. c3 Kb6 52. Kc2 a5 53. Kd3 Bc1 54. b3 a4 55. bxa4 Ka5 56. Qe4 e2 57. Kxe2 Be3 58. Qb4+ Ka6 59. Qb5+ Ka7 60. a5 f3+ 61. Kxe3 f2 62. Kxf2 1-0


[Site "https://www.chess.com"]

[Event "Titled Tuesday Blitz March 14 Late 2023"]
[White "Martinez Molina, Carlos Alberto"]
[Black "Zampronha, Wladimir Camilo"]
[WhiteFideId "5122708"]
[BlackFideId "2103087"]
[WhiteElo "2212"]
[BlackElo "2176"]
[Result "0-1"]
[Round "05"]
[TimeControl "180+1"]
[Date "2023.03.14"]
[WhiteClock "0:01:43"]
[BlackClock "0:00:24"]

1. e4 c5 2. b3 d5 3. exd5 Qxd5 4. Nc3 Qd8 5. Bb2 Nc6 6. Nf3 e5 7. Bb5 Bd6 8. Bxc6+ bxc6 9. O-O Ne7 10. h3 O-O 11. Re1 f6 12. d3 Nf5 13. Ne4 Nd4 14. c3 Ne6 15. Qd2 Ba6 16. Rad1 Qd7 17. Ba3 Rfe8 18. d4 Bf8 19. Nxc5 Nxc5 20. dxc5 Qf5 21. Qd7 Qxd7 22. Rxd7 Re7 23. Rxe7 Bxe7 24. Rd1 Bc8 25. Nd2 Be6 26. Ne4 Kf8 27. Nd6 a5 28. c4 Rb8 29. Rc1 Ra8 30. Kf1 Rb8 31. Ke2 a4 32. b4 Bxd6 33. cxd6 Ke8 34. Kd3 Kd7 35. g4 h6 36. c5 Rh8 37. b5 Bxa2 38. b6 Bd5 39. Rb1 Bb3 40. Bc1 Ra8 41. Ke4 Ra5 42. Ba3 g6 43. f3 Bc2+ 44. Ke3 Bxb1 45. f4 Rb5 46. fxe5 Rb3+ 47. Kd4 fxe5+ 48. Kxe5 Rxa3 49. g5 h5 50. Kf6 Rb3 51. h4 Bf5 52. b7 Rxb7 53. Kg7 Rb5 54. Kh6 Rxc5 55. Kg7 Rd5 56. Kh6 Rxd6 57. Kg7 c5 58. Kh6 c4 59. Kg7 c3 60. Kh6 c2 61. Kg7 a3 62. Kh6 a2 63. Kg7 Kc6 64. Kh6 Rd4 65. Kg7 Rxh4 66. Kh6 Rg4 67. Kg7 Rxg5 68. Kh6 h4 69. Kg7 h3 70. Kh6 h2 71. Kg7 Rh5 72. Kf7 g5 73. Kf6 g4 74. Kg7 g3 75. Kf6 g2 76. Kg7 Rh7+ 77. Kf6 Rf7+ 78. Ke5 Bd3 79. Kd4 Be2 80. Kc3 Bd1 81. Kd2 g1=Q 82. Kc3 h1=Q 83. Kb4 Rf4+ 84. Ka3 Qc5+ 85. Kb2 a1=Q+ 86. Kb3 Qb5# 0-1


[Site "https://www.chess.com"]

[Event "Titled Tuesday Blitz March 14 Late 2023"]
[White "Mazurkiewicz, Michal"]
[Black "Bilych, Olexiy"]
[WhiteFideId "1124943"]
[BlackFideId "14156504"]
[WhiteElo "2054"]
[BlackElo "2320"]
[Result "1-0"]
[Round "05"]
[TimeControl "180+1"]
[Date "2023.03.14"]
[WhiteClock "0:00:06"]
[BlackClock "0:00:02"]

1. e4 e5 2. Nf3 Nc6 3. d3 Nf6 4. g3 d5 5. exd5 Nxd5 6. Bg2 Bd6 7. O-O O-O 8. Nbd2 Nde7 9. Nc4 Ng6 10. h4 Bg4 11. c3 Qd7 12. Re1 Rad8 13. a4 Rfe8 14. Qb3 b6 15. Qb5 Nb8 16. Nxd6 Qxd6 17. d4 Bxf3 18. Bxf3 c6 19. Qc4 exd4 20. Bg5 Ne5 21. Rxe5 Qxe5 22. Bxd8 Rxd8 23. cxd4 Qxd4 24. Rd1 Qf6 25. Rxd8+ Qxd8 26. Bxc6 Qc7 27. Bb5 Qxc4 28. Bxc4 Kf8 29. f4 f6 30. Kf2 Ke7 31. Ke3 Kd6 32. Kd4 Nc6+ 33. Kc3 Kc5 34. Bb5 Nb4 35. Bc4 h6 36. Bf7 a6 37. Bg8 Nc6 38. Bf7 b5 39. axb5 axb5 40. Be8 Ne7 41. b4+ Kb6 42. Bd7 Nd5+ 43. Kb3 Ne3 44. Bh3 Nd5 45. Bg2 Ne7 46. Be4 Nc8 47. Kc3 Nd6 48. Kd4 Nc8 49. Kd5 Kc7 50. Ke6 Nd6 51. Bd3 g5 52. fxg5 fxg5 53. h5 g4 54. Kf6 Kd7 55. Kg7 Ke7 56. Kxh6 Kf6 57. Kh7 Kf7 58. h6 Nc8 59. Bxb5 Nd6 60. Bd3 Kf8 61. Kg6 Nf7 62. h7 Nh8+ 63. Kf6 1-0


[Site "https://www.chess.com"]

[Event "Titled Tuesday Blitz March 14 Late 2023"]
[White "Melian, Juan Sebastian"]
[Black "Sreyas Payyappat"]
[WhiteFideId "3706575"]
[BlackFideId "46674969"]
[WhiteElo "2031"]
[BlackElo "2083"]
[Result "0-1"]
[Round "05"]
[TimeControl "180+1"]
[Date "2023.03.14"]
[WhiteClock "0:00:03"]
[BlackClock "0:00:09"]

1. e4 c6 2. d4 d5 3. exd5 cxd5 4. Bd3 Nc6 5. c3 Qc7 6. Ne2 Bg4 7. O-O e6 8. Qe1 g6 9. Ng3 O-O-O 10. f3 Bf5 11. Nxf5 gxf5 12. Bg5 Be7 13. Qh4 Bxg5 14. Qxg5 Nge7 15. Nd2 Rhg8 16. Qe3 Ng6 17. f4 Nh4 18. g3 Rg7 19. Kf2 Ng6 20. Nf3 Rdg8 21. Rac1 h5 22. h4 Nf8 23. Ng5 Qd7 24. c4 f6 25. Nxe6 Rxg3 26. Nxf8 Rg2+ 27. Ke1 Rxf8 28. Qf3 Rxb2 29. cxd5 Qe7+ 30. Kd1 Qb4 31. Rf2 Rg8 32. Rcc2 Rb1+ 33. Rc1 Rxc1+ 34. Kxc1 Nxd4 35. Qe3 Qc3+ 36. Kd1 Rg1+ 37. Rf1 Rxf1+ 38. Bxf1 Qxe3 0-1


[Site "https://www.chess.com"]

[Event "Titled Tuesday Blitz March 14 Late 2023"]
[White "Melikhov, Evgeny V."]
[Black "Reprintsev, Alexander"]
[WhiteFideId "4122046"]
[BlackFideId "14100541"]
[WhiteElo "2158"]
[BlackElo "2229"]
[Result "1/2-1/2"]
[Round "05"]
[TimeControl "180+1"]
[Date "2023.03.14"]
[WhiteClock "0:00:11"]
[BlackClock "0:01:17"]

1. d4 d5 2. c4 e5 3. dxe5 d4 4. Nf3 Nc6 5. g3 Nge7 6. Bg2 Ng6 7. Bg5 Qd7 8. O-O h6 9. Bc1 Ngxe5 10. Nbd2 Nxf3+ 11. Nxf3 Be7 12. e3 dxe3 13. Bxe3 Qxd1 14. Raxd1 O-O 15. Nd4 Nxd4 16. Bxd4 c6 17. Rfe1 Be6 18. b3 Bb4 19. Rf1 a6 20. Bb2 Rad8 21. Bf3 Bf5 22. Rxd8 Rxd8 23. Rd1 Rxd1+ 24. Bxd1 f6 25. a3 Bd2 26. b4 Bd3 27. c5 Bc4 28. f4 Be3+ 29. Kg2 Bd5+ 30. Bf3 Bxf3+ 31. Kxf3 Bg1 32. h3 Kf7 33. f5 h5 34. g4 hxg4+ 35. hxg4 Bh2 36. Ke4 Ke7 37. Bc3 Kd7 38. g5 fxg5 39. Bxg7 Ke7 40. Bb2 Kf7 41. Bc3 Bg3 42. a4 Bc7 43. Bb2 Bd8 44. Bc3 Bf6 45. Bd2 Ke7 46. Kf3 Kf7 47. Kg4 Kf8 48. Bxg5 Bc3 49. Be3 Bxb4 50. Kg5 Kf7 51. Kf4 Bc3 52. Ke4 Kf6 53. Bf2 Bb2 54. Bh4+ Kf7 55. Bf2 Bc3 56. Be3 Bb2 57. Bf2 Bc3 58. Be3 1/2-1/2


[Site "https://www.chess.com"]

[Event "Titled Tuesday Blitz March 14 Late 2023"]
[White "Melikyan, Gnel"]
[Black "Ronka, Erik"]
[WhiteFideId "54109990"]
[BlackFideId "505080"]
[WhiteElo "2138"]
[BlackElo "2264"]
[Result "1-0"]
[Round "05"]
[TimeControl "180+1"]
[Date "2023.03.14"]
[WhiteClock "0:00:29"]
[BlackClock "0:00:02"]

1. c3 d5 2. e4 dxe4 3. Qa4+ c6 4. Qxe4 Nf6 5. Qd3 Qxd3 6. Bxd3 e5 7. Bc2 Be6 8. Nf3 Nbd7 9. d4 exd4 10. Nxd4 Bd5 11. O-O O-O-O 12. Nd2 c5 13. Nf5 g6 14. Ne3 Bc6 15. a4 Bd6 16. Ndc4 Bc7 17. a5 Rhe8 18. b4 Ne4 19. Bb2 Ne5 20. Nxe5 Bxe5 21. b5 Bxb5 22. Bxe4 Bxf1 23. Nxf1 Bxc3 24. Bxb7+ Kxb7 25. Bxc3 Kc6 26. Rc1 Re2 27. Bb4 Kb5 28. Bxc5 Rc8 29. Rb1+ Ka6 30. Be3 Ra2 31. Nd2 Rxa5 32. Nb3 Rb5 33. Ra1+ Kb7 34. Rxa7+ Kb8 35. Ra3 Rc3 36. Bf4+ Kc8 37. Ra8+ Kd7 38. Ra7+ Ke6 39. Nd4+ Kd5 40. Nxb5 Rb3 41. Nc7+ Kc6 42. h4 h6 43. Bxh6 1-0


[Site "https://www.chess.com"]

[Event "Titled Tuesday Blitz March 14 Late 2023"]
[White "Mendez Fortes, Eduardo Jesus"]
[Black "Hoffmann, Asa"]
[WhiteFideId "3502376"]
[BlackFideId "2001470"]
[WhiteElo "2307"]
[BlackElo "2117"]
[Result "0-1"]
[Round "05"]
[TimeControl "180+1"]
[Date "2023.03.14"]
[WhiteClock "0:01:27"]
[BlackClock "0:00:51"]

1. e4 d6 2. d4 Nf6 3. Nc3 c6 4. f4 Qa5 5. Bd3 e5 6. Nf3 exd4 7. Nxd4 Qb6 8. Nb3 a5 9. Qe2 a4 10. Be3 Qb4 11. a3 axb3 12. axb4 Rxa1+ 13. Nd1 Bg4 14. Qd2 Rxd1+ 15. Qxd1 Bxd1 16. Kxd1 Be7 17. cxb3 Nbd7 18. h3 O-O 19. Kc2 Ra8 20. g4 d5 21. e5 Ne4 22. b5 Bc5 23. Bxe4 Bxe3 24. Bf5 Nc5 25. bxc6 bxc6 26. Rf1 g6 27. Rf3 d4 28. b4 gxf5 29. bxc5 fxg4 30. hxg4 Rb8 31. f5 Rb5 32. b4 Rxb4 33. Kd3 Kg7 34. Ke4 Bg5 35. e6 fxe6 36. fxe6 d3+ 37. Ke5 d2 38. Rf1 Rxg4 39. Kd6 Rd4+ 40. Kxc6 d1=Q 0-1


[Site "https://www.chess.com"]

[Event "Titled Tuesday Blitz March 14 Late 2023"]
[White "Mendez Machado, Andre"]
[Black "Carbone, Diego"]
[WhiteFideId "6603793"]
[BlackFideId "3002179"]
[WhiteElo "1984"]
[BlackElo "2266"]
[Result "1-0"]
[Round "05"]
[TimeControl "180+1"]
[Date "2023.03.14"]
[WhiteClock "0:00:04"]
[BlackClock "0:00:07"]

1. e4 c5 2. Nc3 g6 3. d4 Bg7 4. dxc5 Qa5 5. Bd2 Qxc5 6. Nd5 Na6 7. b4 Qd4 8. c3 Qxe4+ 9. Be3 e6 10. Bxa6 Qxd5 11. Be2 Bxc3+ 12. Kf1 Bxa1 13. Qxa1 f6 14. h4 h5 15. Nf3 Kf7 16. Rh3 Ne7 17. Ng5+ Kg7 18. Rf3 e5 19. Nh3 Nf5 20. Bd3 Nxe3+ 21. Rxe3 d6 22. Rg3 e4 23. Be2 Bf5 24. Qc1 Kf7 25. Qc7+ Ke6 26. Nf4+ Ke5 27. Nxd5 Kxd5 28. Bc4+ Ke5 29. Qe7+ Kf4 30. Qxd6# 1-0


[Site "https://www.chess.com"]

[Event "Titled Tuesday Blitz March 14 Late 2023"]
[White "Mendonca, Leon Luke"]
[Black "Priasmoro, Novendra"]
[WhiteFideId "35028561"]
[BlackFideId "7105029"]
[WhiteElo "2464"]
[BlackElo "2412"]
[Result "0-1"]
[Round "05"]
[TimeControl "180+1"]
[Date "2023.03.14"]
[WhiteClock "0:00:14"]
[BlackClock "0:00:16"]

1. e4 e5 2. Nf3 Nc6 3. Bc4 Nf6 4. d3 Bc5 5. h3 O-O 6. Nc3 d6 7. Bg5 Be6 8. Nd5 Bxd5 9. Bxd5 h6 10. Bxf6 Qxf6 11. O-O Ne7 12. Bc4 c6 13. c3 d5 14. Bb3 Rad8 15. Qe2 Ng6 16. g3 Kh8 17. Kg2 Qe6 18. Rfe1 Bd6 19. d4 exd4 20. Nxd4 Qxe4+ 21. Qxe4 dxe4 22. Rxe4 Bc5 23. Nf3 Rd7 24. Rae1 Rfd8 25. h4 Bd6 26. R1e2 Nf8 27. Nd4 g6 28. h5 Kg7 29. Rg4 Bc5 30. Nf3 g5 31. Ne5 Re7 32. Rge4 f5 33. Rc4 Bd6 34. Rd4 Bc7 35. Rxd8 Bxd8 36. Kf1 Bc7 37. Nf3 Rxe2 38. Kxe2 Kf6 39. Nd4 Bb6 40. Nc2 g4 41. Nb4 Kg5 42. Bf7 Nd7 43. Be6 Nf6 44. Bc8 Ne4 45. Nd3 Nd6 46. Bd7 Kxh5 47. a4 a5 48. b4 Kg5 49. bxa5 Bxa5 50. Nc5 Bxc3 51. Ne6+ Kf6 52. Nf4 Ba5 53. Be6 Bc7 54. Bb3 Ne4 55. Nd3 Bb6 56. Bc4 Nc5 57. Nxc5 Bxc5 58. Bd3 Kg5 59. Bc4 h5 60. Be6 Kf6 61. Bc8 b5 62. axb5 cxb5 63. Ba6 b4 64. Bc4 Ke5 65. Bf7 Kd4 66. Bxh5 b3 67. Bg6 Ke5 68. Bf7 b2 69. Ba2 Bd4 70. Bb1 f4 71. gxf4+ Kxf4 72. Kf1 Kf3 73. Bc2 Bxf2 74. Bd1+ Ke3 75. Bc2 g3 76. Bf5 Kd2 77. Kg2 Kc1 78. Kf1 b1=Q 79. Bxb1 Kxb1 80. Kg2 Kc2 81. Kf3 Kd3 82. Kg2 Ke3 83. Kf1 Kf4 84. Kg2 Bd4 85. Kh3 Kf3 86. Kh4 g2 87. Kh5 g1=Q 88. Kh6 Kf4 89. Kh7 Qg7# 0-1


[Site "https://www.chess.com"]

[Event "Titled Tuesday Blitz March 14 Late 2023"]
[White "Meunier-Pion, Jean"]
[Black "Fernandez Hernandez, Gerardo"]
[WhiteFideId "20685327"]
[BlackFideId "2207400"]
[WhiteElo "2124"]
[BlackElo "2204"]
[Result "1-0"]
[Round "05"]
[TimeControl "180+1"]
[Date "2023.03.14"]
[WhiteClock "0:01:02"]
[BlackClock "0:00:04"]

1. d4 Nf6 2. c4 c5 3. d5 g6 4. Nc3 Bg7 5. e4 d6 6. f4 O-O 7. Be2 e6 8. dxe6 Bxe6 9. Nf3 Bg4 10. h3 Bxf3 11. Bxf3 Nc6 12. O-O Nd4 13. Be3 Nxf3+ 14. Qxf3 Qe7 15. Nd5 Nxd5 16. cxd5 Bxb2 17. Rab1 Bg7 18. f5 Be5 19. f6 Qd7 20. Qf2 b6 21. Qh4 Qd8 22. Rf3 c4 23. Rbf1 Kh8 24. Qh6 Rg8 25. Rf4 Bxf4 26. Rxf4 g5 27. Rf5 Rg6 28. Qh5 Rxf6 29. Bd4 Kg7 30. Qxg5+ Kf8 31. Bxf6 Qb8 32. Qg7+ Ke8 33. Qg8+ Kd7 34. Qxf7+ Kc8 35. Rg5 Qc7 36. Rg8+ Kb7 37. Qxc7+ Kxc7 38. Rxa8 b5 39. Rxa7+ Kb6 40. Bd4# 1-0


[Site "https://www.chess.com"]